 Dungeon Crawl Stone Soup version 0.31-a0-557-g6e16503903 (webtiles) character file.

Game seed: 12056024251570269790

51 Zonian the Changeling (level 3, -2/27 HPs)
             Began as a Merfolk Shapeshifter on Aug 17, 2023.
             Slain by Natasha (6 damage)
             ... on level 2 of the Dungeon.
             The game lasted 00:01:53 (1091 turns).

Zonian the Changeling (Merfolk Shapeshifter)        Turns: 1091, Time: 00:01:53

Health: -2/27      AC:  2    Str: 17    XL:     3   Next: 81%
Magic:  3/3        EV: 13    Int:  7    God:
Gold:   55         SH:  0    Dex: 14    Spells: 2/2 levels left

rFire   . . .        f - +0 dagger (protect)
rCold   . . .        (no shield)
rNeg    . . .        a - +0 animal skin
rPois   .            (helmet currently unavailable)
rElec   .            (cloak currently unavailable)
rCorr   .            (gloves currently unavailable)
SInv    .            (boots currently unavailable)
Will    .....        (no amulet)
Stlth   +            (no ring)
HPRegen 0.24/turn    (no ring)
MPRegen 0.08/turn

%: no passive effects
@: beast-form, slowed, very slow
A: beast (slay +2), (nimble swimmer 2), mertail
a: Begin Untransformation


You were on level 2 of the Dungeon.
You were a hulking beast.
You visited 1 branch of the dungeon, and saw 2 of its levels.

You collected 55 gold pieces.

Inventory:

Hand Weapons
 f - a +0 dagger of protection (weapon)
Armour
 a - a +0 animal skin (worn)
Jewellery
 e - a ring of ice
Talismans
 c - a beast talisman (active)
 d - a flux talisman
Scrolls
 g - a scroll of torment {unknown}
Potions
 b - a potion of lignification
 h - a potion of brilliance {unknown}


   Skills:
 + Level 2.0 Fighting
 + Level 3.5 Dodging
 + Level 3.8 Unarmed Combat
 + Level 4.4 Shapeshifting


You had 2 spell levels left.
You didn't know any spells.
Your spell library was empty.

Dungeon Overview and Level Annotations

Branches:
Dungeon (2/15)

Altars:

Shops:
D:2 [

Annotations:
D:2 Natasha


Innate Abilities, Weirdness & Mutations

You are a hulking beast.
Your limbs bulge with bestial killing power. (Slay +2)
((You are very nimble when in or above water. (Stealth+, EV+, Speed+++)))
Your lower body shifts to a powerful aquatic tail in water.


Message History

You hit the hobgoblin.
Your weapon exudes an aura of protection.
The hobgoblin is heavily wounded.
The hobgoblin hits you.
Natasha stares at you and mumbles some strange words.
The magic dart hits you.
You hit the hobgoblin.
You kill the hobgoblin!
Natasha claws you.
You closely miss Natasha. Natasha completely misses you.
Natasha claws you but does no damage.
Unknown command.
You hit Natasha.
Natasha is moderately wounded.
Natasha claws you but does no damage.
You barely miss Natasha.
Natasha is lightly wounded.
Natasha casts a spell at you.
The magic dart hits you but does no damage.
Natasha claws you.
You miss Natasha.
Natasha is lightly wounded.
Natasha claws you.
You hit Natasha.
Natasha is moderately wounded.
Natasha stares at you and mumbles some strange words.
The magic dart hits you but does no damage.
Natasha stares at you and mumbles some strange words.
The magic dart hits you.
* * * LOW HITPOINT WARNING * * *
You barely miss Natasha.
Natasha is moderately wounded.
Natasha stares at you and mumbles some strange words.
You resist with significant effort.
You barely miss Natasha.
Natasha is moderately wounded.
Natasha claws you.
* * * LOW HITPOINT WARNING * * *
Natasha claws you.
You die...

.........#<..##....###.........#
########.###..####..)..........#
#.# #..# #####.....<..## #..#
...# #.........## ##...
...######...........
###.#......##.........##
.........#.##........>..
........................
.....?hh................
.............##.........
..........#....#####....
............##..####....
.........##..##...##....
.........###............
##...###.. ##.###..##... $...
#.. #............ .#.
.##...#.##.......


You could see Natasha.

Vanquished Creatures
  An adder (D:2)
  A dart slug (D:1)
  A worm (D:2)
  2 ball pythons
  3 bats (D:1)
  2 endoplasms (D:1)
  8 goblins
  3 hobgoblins
  2 jackals (D:2)
  2 quokkas
  3 frilled lizards (D:1)
  4 kobolds (D:1)
  3 rats
35 creatures vanquished.

Notes
Turn   | Place    | Note
-------+----------+-------------------------------------------
     0 | D:1      | Zonian the Merfolk Shapeshifter began the quest for the
                  | Orb.
     0 | D:1      | Reached XP level 1. HP: 15/15 MP: 1/1
   347 | D:1      | Reached XP level 2. HP: 21/21 MP: 2/2
   642 | D:1      | Reached XP level 3. HP: 27/27 MP: 3/3
   946 | D:2      | Found Feshongu's Antique Armour Shoppe.
  1079 | D:2      | Noticed Natasha
  1091 | D:2      | Slain by Natasha

Illustrated notes

Levels and vault maps discovered:
D:1:      eino_arrival_cavern_b, layout_rooms
D:2:      layout_rooms, serial_shops, nicolae_shop_advertising_works
          [nicolae_subvault_shop_adworks], minmay_vboxes, uniq_natasha

Skill      XL: |  1  2  3 |
---------------+----------+-----
Dodging        | 3 |  3.5
Fighting       | 2 |  2.0
Unarmed Combat | |  3.8
Shapeshifting  | |  4.4

Action                     || total
---------------------------++-------
  Melee: Unarmed           ||    49
         Dagger            ||    75
         Punch             ||     2
   Stab: Sleeping          ||     2
 Armour: Animal skin       ||    27
  Dodge: Dodged            ||    70

Table legend: (Time is in decaauts)
 A = Elapsed time spent in this place.
 B = Non-inter-level travel time spent in this place.
 C = Inter-level travel time spent in this place.
 D = Time resting spent in this place.
 E = Time spent auto-exploring this place.
 F = Levels seen in this place.
 G = Mean time per level.
                   A        B        C        D        E       F      G
               +--------+--------+--------+--------+--------+-----+--------+
         Total |   1085 |   1066 |     19 |    250 |    554 |   2 |  542.5 |
       Dungeon |   1085 |   1066 |     19 |    250 |    554 |   2 |  542.5 |
               +--------+--------+--------+--------+--------+-----+--------+

Top non-repeatable levels by time:
     D:1: 936 daAuts
     D:2: 148 daAuts
